 Dungeon Crawl Stone Soup version 0.32-a0-614-gd166fa89d2 (webtiles) character file.

Game seed: 286688422198609661

24938 tilp the Covert (level 12, -2/98 HPs)
             Began as a Vampire Enchanter on Mar 5, 2024.
             Was a High Priest of Wu Jian.
             Slain by a quicksilver ooze (9 damage)
             ... in an ice cave.
             The game lasted 00:24:14 (15738 turns).

tilp the Covert (Vampire Enchanter)                Turns: 15738, Time: 00:24:16

Health: -2/98      AC:  9    Str:  7    XL:     12   Next: 85%
Magic:  2/22       EV: 17    Int: 22    God:    Wu Jian [*****.]
Gold:   726        SH:  0    Dex: 21    Spells: 13/24 levels left

rFire   . . .        a - +1 dagger (flame)
rCold   . . .        (no shield)
rNeg    . . .        d - +0 robe
rPois   .            O - +2 hat
rElec   .            C - +1 cloak {Will+}
rCorr   .            q - +2 pair of gloves
SInv    +            (no boots)
Will    ++...        s - amulet of regeneration
Stlth   +++++        D - ring of wizardry
HPRegen 1.36/turn    o - +6 ring of dexterity
MPRegen 0.18/turn

%: wizardry (x1)
@: about to teleport, engulfed (cannot breathe), healing quickly, studying
Polearms
A: alive, fangs 3, see invisible, vampiric 2
a: Exsanguinate, Renounce Religion, Wall Jump, Serpent's Lash, Heavenly Storm


You were in an ice cave.
You worshipped Wu Jian.
Wu Jian was extremely pleased with you.
You visited 3 branches of the dungeon, and saw 16 of its levels.
You also visited: Ice Cave.

You collected 815 gold pieces.
You spent 89 gold pieces at shops.

Inventory:

Hand Weapons
 a - a +1 dagger of flaming (weapon)
 b - a +1 scimitar of flaming
 H - a +1 dagger
 L - a +2 dagger of pain
Missiles
 i - 17 poisoned darts
 k - a throwing net {!f}
 v - 2 boomerangs (quivered)
Armour
 d - a +0 robe (worn)
 j - a +0 helmet
 q - a +2 pair of gloves (worn)
 C - a +1 cloak of willpower (worn)
 O - a +2 hat (worn)
 P - a +2 scale mail of cold resistance
Jewellery
 e - an amulet of the acrobat
 o - a +6 ring of dexterity (right hand)
 s - an amulet of regeneration (around neck)
 D - a ring of wizardry (left hand)
 M - an amulet of reflection
Wands
 r - a wand of warping (3)
 A - a wand of charming (3)
 B - a wand of polymorph (10)
 E - a wand of flame (11)
Scrolls
 l - 5 scrolls of vulnerability
 w - 3 scrolls of fear
 y - 2 scrolls of revelation
 z - a scroll of acquirement
 J - a scroll of fog
 N - a scroll of identify
Potions
 c - a potion of invisibility
 f - 6 potions of enlightenment
 g - 6 potions of curing
 h - 5 potions of mutation
 m - 4 potions of attraction
 n - a potion of ambrosia
 p - a potion of berserk rage
 t - a potion of haste
 u - a potion of magic
 x - 5 potions of heal wounds
 F - a potion of might
 G - a potion of lignification {unknown}
 I - a potion of resistance {unknown}


   Skills:
 * Level 10.5 Fighting
 - Level 10.0 Short Blades
 + Level 7.1 Dodging
 - Level 12.0 Stealth
 + Level 6.9 Spellcasting
 - Level 2.0 Conjurations
 + Level 10.7 Hexes
 - Level 2.0 Ice Magic
 * Level 7.9 Evocations


You had 13 spell levels left.
You knew the following spells:

 Your Spells              Type           Power      Damage    Failure   Level
a - Ensorcelled Hibernat  Hex/Ice        70%        N/A       1%          2
b - Confusing Touch       Hex            53%        N/A       1%          3
c - Tukima's Dance        Hex            53%        N/A       1%          3
d - Dazzling Flash        Conj/Hex       70%        N/A       1%          3

Your spell library contained the following spells:

 Spells                   Type           Power      Damage    Failure   Level
 Kiss of Death            Conj/Necr      48%        2d9       2%          1
 Shock                    Conj/Air       48%        1d6       2%          1
 Anguish                  Hex/Necr       15%        N/A       3%          4
 Hailstorm                Conj/Ice       16%        3d6       4%          3
 Ozocubu's Armour         Ice            16%        N/A       4%          3
 Cigotuvi's Dreadful Rot  Necr/Alch/Air  14%        N/A       5%          2
 Summon Ice Beast         Ice/Summ       12%        N/A       7%          3
 Metabolic Englaciation   Hex/Ice        17%        N/A       7%          5
 Fugue of the Fallen      Necr           7%         N/A       11%         3
 Swiftness                Air            7%         N/A       11%         3
 Airstrike                Air            3%         2d(1-17)  32%         4
 Dispel Undead            Necr           7%         3d8       32%         4
 Ignite Poison            Fire/Alch      7%         N/A       32%         4
 Freezing Cloud           Conj/Ice/Air   6%         6-21      45%         5
 Sculpt Simulacrum        Ice/Alch       6%         N/A       96%         6
 Chain Lightning          Conj/Air       6%         3d8       100%        9
 Fire Storm               Conj/Fire      6%         8d2       100%        9
 Shatter                  Erth           3%         3d7*      100%        9


Dungeon Overview and Level Annotations

Branches:
Dungeon (12/15)            Temple (1/1) D:5            Lair (3/5) D:9
  Snake (0/4) Lair:2          Orc (0/2) D:11          IceCv (1/1)
  Swamp: Lair:2-3    Shoals: Lair:2-3

Altars:
Ashenzari
Cheibriados
Dithmenos
Fedhas
Gozag
Hepliaklqana
Kikubaaqudgha
Makhleb
Nemelex Xobeh
Okawaru
Qazlal
Ru
Sif Muna
Trog
Uskayaw
Vehumet
Wu Jian
Xom
Yredelemnul
Beogh

Shops:
D:10 (


Innate Abilities, Weirdness & Mutations

Your natural rate of healing is accelerated.
You have razor-sharp teeth.
You have supernaturally acute eyesight. (SInv)
You are afflicted with vampirism and can become a bat while bloodless.


Message History

The quicksilver ooze attacks as it pursues you!
The quicksilver ooze hits you! The quicksilver ooze engulfs you!
The quicksilver ooze hits you!
You feel your power leaking away. The ooze engulfing you falls away.
You gasp with relief as air once again reaches your lungs.
The quicksilver ooze attacks as it pursues you!
The quicksilver ooze hits you! The quicksilver ooze hits you.
Your extra speed is starting to run out.
The quicksilver ooze misses you.
The quicksilver ooze hits you but does no damage.
The quicksilver ooze attacks as it pursues you!
The quicksilver ooze hits you. The quicksilver ooze barely misses you.
As you read the scroll of teleportation, it crumbles to dust.
You feel strangely unstable. The quicksilver ooze hits you!
The quicksilver ooze engulfs you! The quicksilver ooze misses you.
The ooze engulfing you falls away.
You gasp with relief as air once again reaches your lungs.
You feel yourself slow down.
The quicksilver ooze attacks as it pursues you!
The quicksilver ooze hits you!
* * * LOW HITPOINT WARNING * * *
The quicksilver ooze hits you but does no damage.
The quicksilver ooze jiggles.
The quicksilver ooze attacks as it pursues you!
The quicksilver ooze hits you!
* * * LOW HITPOINT WARNING * * *
The quicksilver ooze engulfs you!
The quicksilver ooze hits you but does no damage.
The quicksilver ooze hits you!
* * * LOW HITPOINT WARNING * * *
The quicksilver ooze hits you but does no damage.
You feel much better.
* * * LOW HITPOINT WARNING * * *
Your lungs strain for air!
The quicksilver ooze hits you!
* * * LOW HITPOINT WARNING * * *
The quicksilver ooze completely misses you. x2
The quicksilver ooze hits you!
You die...

##### ##### ##...##
##...## #.....## #.....##
##......# ##......#
#.......# #.......#
##...#...## #....#..##
#...###...###...##...##
#...# #....##.@####...#
#..####....##.J##.##..##
#..##.##...##..##).##..#
#..#...#...##...#)..#..#
#......##..##...##..##.##
#......##..##....#..##..#
#......##..####..##..#..#
### #......##..#
#...#..##.####.##
##..##Z##..#
##..##..#..##...#


You could see a quicksilver ooze.

Vanquished Creatures
  Erolcha (D:9)
  Erica (D:11)
  A boulder beetle (D:10)
  4 two-headed ogres
  Maurice (D:9)
  3 ice statues (IceCv)
  2 black mambas
  A gargoyle (D:10)
  An unseen horror (D:11)
  5 cane toads
  2 komodo dragons (Lair:1)
  A rime drake (Lair:1)
  2 ice devils (Lair:3)
  A tengu conjurer (D:8)
  5 trolls
  4 blink frogs (Lair:2)
  A polar bear (Lair:2)
  2 hornets
  6 dream sheep (Lair:3)
  9 slime creatures (IceCv)
  2 shadows (D:10)
  15 yaks
  2 wraiths
  2 wyverns
  2 basilisks
  A steam dragon (D:9)
  3 nagas (Lair:2)
  10 water moccasins
  3 great orb of eyes simulacra (IceCv)
  6 orc warriors
  A sky beast (D:7)
  An ogre (D:6)
  3 centaurs
  2 slime creature simulacra (IceCv)
  A kobold brigand (D:8)
  9 bullfrogs
  Blork the orc (D:6)
  A gnoll sergeant (D:7)
  5 scorpions
  8 glowing shapeshifter simulacra (IceCv)
  A burial acolyte (D:10)
  3 wights
  11 killer bees
  4 howler monkeys
  A bombardier beetle (D:7)
  6 hounds
  6 orc priests
  A jelly (D:7)
  A sleepcap (D:4)
  An iguana (D:5)
  11 orc wizards
  3 shapeshifter simulacra (IceCv)
  12 gnolls
  13 adders
  A shadow imp (D:8)
  2 white imps
  4 ufetubi (D:6)
  2 dart slugs (D:3)
  3 ribbon worms
  44 orcs
  An endoplasm (D:1)
  4 giant cockroaches (D:2)
  14 goblins
  7 hobgoblins
  3 jackals
  5 quokkas
  8 ball pythons
  7 bats
  A frilled lizard (D:3)
  2 jackal zombies (D:10)
  8 kobolds
  3 rats
324 creatures vanquished.

Vanquished Creatures (collateral kills)
  Maggie (D:8)
  3 wights (D:10)
4 creatures vanquished.

Vanquished Creatures (others)
  2 dancing weapons
  A shadow imp (D:8)
  An orc (D:9)
4 creatures vanquished.

Grand Total: 332 creatures vanquished

Notes
Turn   | Place    | Note
-------+----------+-------------------------------------------
     0 | D:1      | tilp the Vampire Enchanter began the quest for the Orb.
     0 | D:1      | Reached XP level 1. HP: 13/13 MP: 3/3
   270 | D:1      | Found a faded altar of an unknown god.
   298 | D:1      | Reached XP level 2. HP: 16/20 MP: 5/5
   301 | D:1      | Learned a level 2 spell: Ensorcelled Hibernation
   799 | D:2      | Reached skill level 1 in Fighting
   812 | D:2      | Gained mutation: You are afflicted with vampirism and can
                  | become a bat while bloodless. [Vampire growth]
   812 | D:2      | Reached XP level 3. HP: 26/26 MP: 6/6
   816 | D:2      | Learned a level 3 spell: Confusing Touch
  1495 | D:3      | You fall into a shaft and drop 3 floors!
  1496 | D:6      | Noticed an ogre
  1507 | D:6      | Killed an ogre
  1508 | D:6      | Reached skill level 5 in Stealth
  1508 | D:6      | Reached skill level 5 in Hexes
  1508 | D:6      | Reached XP level 4. HP: 33/33 MP: 4/7
  1573 | D:5      | Entered Level 5 of the Dungeon
  1573 | D:5      | Noticed a scorpion
  1574 | D:5      | Noticed a centaur
  1575 | D:5      | Killed a scorpion
  1576 | D:5      | Reached skill level 1 in Ice Magic
  1576 | D:5      | Reached XP level 5. HP: 27/38 MP: 8/8
  1756 | D:6      | Killed a centaur
  1757 | D:6      | Reached XP level 6. HP: 42/45 MP: 6/9
  1787 | D:6      | Learned a level 3 spell: Tukima's Dance
  2739 | D:3      | Found a shimmering blue altar of Sif Muna.
  2740 | D:3      | Found a blossoming altar of Fedhas.
  3044 | D:3      | Reached XP level 7. HP: 51/51 MP: 11/11
  4149 | D:4      | Reached skill level 6 in Stealth
  4221 | D:4      | Found a sacrificial altar of Ru.
  4381 | D:4      | Found a bloodstained altar of Trog.
  4601 | D:5      | Found a staircase to the Ecumenical Temple.
  4611 | Temple   | Entered the Ecumenical Temple
  4636 | Temple   | Became a worshipper of the Wu Jian Council
  5296 | D:6      | Found a shadowy altar of Dithmenos.
  5498 | D:6      | Noticed Blork the orc
  5500 | D:6      | Killed Blork the orc
  5501 | D:6      | Reached XP level 8. HP: 60/60 MP: 12/12
  5762 | D:6      | Found a burning altar of Makhleb.
  6344 | D:7      | Reached skill level 5 in Short Blades
  6390 | D:7      | Reached skill level 7 in Stealth
  6445 | D:7      | Found a stormy altar of Qazlal.
  6589 | D:7      | Reached * piety under Wu Jian
  6592 | D:7      | Reached skill level 5 in Fighting
  7018 | D:7      | Reached XP level 9. HP: 68/68 MP: 15/15
  7296 | D:7      | Identified a scroll of acquirement
  7343 | D:8      | Noticed Maggie
  7366 | D:8      | Killed Maggie
  7367 | D:8      | Reached skill level 8 in Stealth
  7908 | D:8      | Found a basalt altar of Yredelemnul.
  7977 | D:8      | Noticed a troll
  7983 | D:8      | Killed a troll
  7984 | D:8      | Reached skill level 9 in Stealth
  8186 | D:8      | Noticed a two-headed ogre
  8187 | D:8      | Noticed a tengu conjurer
  8189 | D:8      | Killed a two-headed ogre
  8190 | D:8      | Reached skill level 5 in Spellcasting
  8190 | D:8      | Reached XP level 10. HP: 79/79 MP: 17/17
  8734 | D:8      | Learned a level 3 spell: Dazzling Flash
  8898 | D:9      | Noticed Maurice
  8899 | D:9      | Reached ** piety under Wu Jian
  8915 | D:9      | Noticed a two-headed ogre
  8924 | D:9      | Killed Maurice
  8929 | D:9      | Killed a two-headed ogre
  8930 | D:9      | Reached skill level 10 in Stealth
  8930 | D:9      | Reached skill level 1 in Conjurations
  8930 | D:9      | Reached skill level 1 in Evocations
  9293 | D:9      | Found a staircase to the Lair.
  9701 | D:9      | Noticed Erolcha
  9718 | D:9      | Killed Erolcha
  9719 | D:9      | Reached skill level 10 in Short Blades
  9902 | D:10     | Entered Level 10 of the Dungeon
  9902 | D:10     | Noticed a gargoyle
  9905 | D:10     | Killed a gargoyle
  9944 | D:10     | Reached XP level 11. HP: 83/86 MP: 13/18
 10043 | D:10     | Noticed a boulder beetle
 10275 | D:10     | Found an ancient bone altar of Kikubaaqudgha.
 10335 | D:10     | Killed a boulder beetle
 10623 | D:10     | Found Sezarale's Weapon Emporium.
 10632 | D:10     | Bought a +0 dagger of flaming for 89 gold pieces
 10648 | D:10     | Noticed a two-headed ogre
 10654 | D:10     | Killed a two-headed ogre
 10674 | D:10     | Found a broken altar of Ashenzari.
 10828 | D:10     | Reached *** piety under Wu Jian
 11266 | D:11     | Reached skill level 5 in Evocations
 11553 | D:11     | Reached skill level 5 in Dodging
 11558 | D:11     | Noticed a two-headed ogre
 11566 | D:11     | Killed a two-headed ogre
 11567 | D:11     | Reached skill level 11 in Stealth
 11697 | D:11     | Found a roughly hewn altar of Beogh.
 11697 | D:11     | Found a staircase to the Orcish Mines.
 11954 | D:11     | Noticed Erica
 11957 | D:11     | Killed Erica
 12437 | Lair:1   | Entered Level 1 of the Lair of Beasts
 12699 | Lair:1   | Reached **** piety under Wu Jian
 12710 | Lair:1   | Reached XP level 12. HP: 78/95 MP: 9/21
 13722 | Lair:2   | Found a staircase to the Snake Pit.
 14285 | Lair:2   | Reached skill level 10 in Hexes
 14289 | Lair:2   | Reached skill level 12 in Stealth
 14796 | Lair:3   | Reached skill level 10 in Fighting
 14850 | Lair:3   | Found a frozen archway.
 14875 | Lair:3   | Reached ***** piety under Wu Jian
 14916 | IceCv    | Entered an ice cave
 15695 | IceCv    | Noticed a quicksilver ooze
 15738 | IceCv    | Slain by a quicksilver ooze

Illustrated notes

Levels and vault maps discovered:
D:1:      dpeg_arrival_boxes_within_box, layout_rooms,
          ebering_ecumenical_altar_abandoned
D:2:      minmay_spotlight, layout_basic
D:3:      cheibrodos_greedy_goblins, layout_loops_cross,
          nicolae_overflow_squiral
D:4:      layout_loops_corners, nicolae_ru_great_annihilating_truth,
          kennysheep_mini, nicolae_half_adder
D:5:      layout_loops_cross, minmay_temple_entry_slanted
D:6:      layout_basic, makhleb_heckhound_becter,
          mainiacjoe_overflow_concentric_impassable, uniq_blork_the_orc
D:7:      layout_basic, nicolae_qazlal_scattered_showers
D:8:      layout_basic, yredelemnul_altar_generic, minmay_manual_monolith,
          uniq_maggie
D:9:      layout_loops_ring, lair_entry_dummy, grunt_decor_cap,
          item_on_display_b, uniq_maurice, uniq_erolcha
D:10:     layout_loops_ring, ashenzari_conservatory_becter,
          lemuel_zombie_altar_kikubaaqudgha, serial_shops, shop,
          minmay_diced_spiral
D:11:     layout_loops_ring, david_orc_5, uniq_erica
D:12:     nicolae_cairo_tiling_very_big, layout_basic, serial_shops, shop,
          nicolae_inconvenience_store, nicolae_shop_behind_doors,
          nicolae_shop_hallway_plus, shop, uniq_josephine, uniq_psyche,
          uniq_fannar
Temple:   nicolae_temple_godzebo
Lair:1:   layout_chaotic_city
Lair:2:   layout_regular_city, guppyfry_snake_entry_island
Lair:3:   layout_loops_ring, minmay_swamp_entry_worms,
          portal_ice_cave_demonic_guard, minmay_shattered_shrine
IceCv:    ice_cave_hellmonk_azure_passage

Skill      XL: |  1  2  3  4  5  6  7  8  9 10 11 12 |
---------------+-------------------------------------+-----
Fighting       | 1 2 3 5 7 8 9 10 | 10.5
Short Blades   | 2 3 4 6 8 10 | 10.0
Stealth        | 5 6 7 9 10 11 12 | 12.0
Hexes          | 5 6 7 8 9 10 | 10.7
Ice Magic      | 1 2 |  2.0
Dodging        | 3 4 5 7 |  7.1
Spellcasting   | 3 4 5 6 |  6.9
Conjurations   | 2 |  2.0
Evocations     | 4 6 7 |  7.9

Action                     |  1- 3 |  4- 6 |  7- 9 | 10-12 || total
---------------------------+-------+-------+-------+-------++-------
  Melee: Dagger            |   116 |    55 |   231 |   490 ||   892
         Bite              |     7 |     3 |    22 |    57 ||    89
  Throw: Boomerang         |       |       |       |     3 ||     3
         Dart              |       |       |       |     1 ||     1
   Cast: Ensorcelled Hiber |    11 |    26 |    62 |   132 ||   231
         Confusing Touch   |       |     1 |    11 |    28 ||    40
         Tukima's Dance    |       |       |     4 |    12 ||    16
Ability: Lunge             |       |       |    23 |    58 ||    81
         Whirlwind         |       |       |     1 |    11 ||    12
  Evoke: Wand              |       |       |       |     5 ||     5
    Use: Scroll            |     8 |     2 |     4 |    10 ||    24
         Potion            |       |       |       |     4 ||     4
   Stab: Sleeping          |    14 |    23 |    67 |   106 ||   210
         Confused          |       |       |     8 |    27 ||    35
         Distracted        |       |       |       |     1 ||     1
         Invisible         |       |       |       |     9 ||     9
 Armour: Robe              |    78 |    45 |    98 |   149 ||   370
         Skin              |       |       |       |    11 ||    11
  Dodge: Dodged            |    91 |    45 |   118 |   161 ||   415

Table legend: (Time is in decaauts)
 A = Elapsed time spent in this place.
 B = Non-inter-level travel time spent in this place.
 C = Inter-level travel time spent in this place.
 D = Time resting spent in this place.
 E = Time spent auto-exploring this place.
 F = Levels seen in this place.
 G = Mean time per level.
                   A        B        C        D        E       F      G
               +--------+--------+--------+--------+--------+-----+--------+
         Total |  15468 |  14712 |    756 |   2194 |   9750 |  17 |  909.9 |
       Dungeon |  12214 |  11720 |    494 |   1566 |   8224 |  12 | 1017.8 |
        Temple |     51 |      2 |     49 |      0 |      0 |   1 |   51.0 |
          Lair |   2444 |   2231 |    213 |    240 |   1517 |   3 |  814.7 |
      Ice Cave |    758 |    758 |      0 |    388 |      8 |   1 |  758.0 |
               +--------+--------+--------+--------+--------+-----+--------+

Top non-repeatable levels by time:
     D:6: 1456 daAuts
     D:8: 1428 daAuts
     D:4: 1253 daAuts
    D:10: 1243 daAuts
     D:9: 1239 daAuts
     D:7: 1094 daAuts
    D:11: 1081 daAuts
  Lair:2: 1068 daAuts
  Lair:1: 986 daAuts
     D:3: 982 daAuts
     D:5: 946 daAuts
     D:2: 881 daAuts
   IceCv: 758 daAuts
     D:1: 601 daAuts
  Lair:3: 389 daAuts
